 Dungeon Crawl Stone Soup version 0.23.2 (webtiles) character file.

Game seed: 10104129693195412517

15291 sjiht001 the Archer (level 11, -5/104 HPs)
             Began as a Centaur Hunter on Apr 1, 2019.
             Was a High Priest of Okawaru.
             Slain by Donald
             ... wielding a +1 eveningstar of holy wrath
              (37 damage)
             ... on level 1 of the Orcish Mines.
             The game lasted 01:50:02 (14737 turns).

sjiht001 the Archer (Centaur Hunter)               Turns: 14737, Time: 01:50:03

Health: -5/104     AC: 13    Str: 23    XL:     11   Next: 99%
Magic:  15/15      EV:  9    Int:  7    God:    Okawaru [*****.]
Gold:   959        SH:  0    Dex: 11    Spells: 3/10 levels left

rFire    x . .     SeeInvis .   E - +9 shortbow (flame)
rCold    + . .     Gourm    .   (shield currently unavailable)
rNeg     . . .     Faith    .   e - +3 ring mail of Precision Catastrophes {Str+6 Int-3}
rPois    +         Spirit   .   K - +0 hat {MR+}
rElec    .         Reflect  .   I - +2 cloak {MR+}
rCorr    .         Harm     .   r - +0 pair of gloves
MR       ++...                  (no barding)
Stlth    ..........             y - amulet of regeneration
HPRegen  0.67/turn              A - ring of poison resistance
MPRegen  0.14/turn              v - ring of ice

@: very quick
A: large, hooves 3, deformed body, speed 2, tough skin 3
a: Heroism, Finesse, Renounce Religion


You were on level 1 of the Orcish Mines.
You worshipped Okawaru.
Okawaru was extremely pleased with you.
You were not hungry.

You visited 3 branches of the dungeon, and saw 14 of its levels.
You also visited: Sewer.

You collected 1115 gold pieces.
You spent 156 gold pieces at shops.

Inventory:

Hand Weapons
 a - a +1 shortbow
 b - a +0 short sword
 d - a +2 dagger of venom
 E - a +9 shortbow of flaming (weapon)
 F - a +1 glaive of chopping
 J - a +4 shortbow of flaming
 M - a +2 longbow of freezing
Missiles
 g - 68 arrows (quivered)
Armour
 c - a +0 leather armour
 e - the +3 ring mail of Precision Catastrophes (worn) {Str+6 Int-3}
   (You took it off a kobold on level 8 of the Dungeon)

   It affects your strength (+6).
   It affects your intelligence (-3).
 r - a +0 pair of gloves (worn)
 I - a +2 cloak of magic resistance (worn)
 K - a +0 hat of magic resistance (worn)
Jewellery
 o - an uncursed amulet of magic regeneration
 v - a ring of ice (right hand)
 y - an amulet of regeneration (around neck)
 A - a ring of poison resistance (left hand)
Wands
 B - a wand of iceblast (11)
 L - a wand of random effects (15)
 O - a wand of enslavement (13)
Scrolls
 j - 3 scrolls of identify
 n - 4 scrolls of remove curse
 q - 4 scrolls of teleportation
 s - a scroll of magic mapping {unknown}
 t - 2 scrolls of blinking {unknown}
 w - 5 scrolls of immolation
 H - a scroll of vulnerability {unknown}
 N - a scroll of fear {unknown}
 P - a scroll of noise {unknown}
 R - a scroll of fog {unknown}
Potions
 h - 2 potions of heal wounds {unknown}
 i - 4 potions of curing
 k - 2 potions of cancellation {unknown}
 l - a potion of lignification {unknown}
 m - a potion of degeneration {unknown}
 p - 5 potions of haste {unknown}
 u - 3 potions of brilliance {unknown}
 x - 4 potions of mutation {unknown}
 z - 2 potions of flight {unknown}
 C - 2 potions of magic {unknown}
 D - a potion of might {unknown}
 G - 2 potions of ambrosia {unknown}
Comestibles
 f - 14 rations
 Q - 3 chunks of flesh


   Skills:
 * Level 11.9 Fighting
 + Level 6.2 Short Blades
 - Level 1.1 Polearms
 * Level 13.8 Bows
 + Level 2.7 Armour
 - Level 2.6 Dodging
 - Level 1.1 Stealth
 - Level 5.0 Unarmed Combat
 - Level 6.0 Invocations


You had 3 spell levels left.
You knew the following spells:

 Your Spells              Type           Power        Failure   Level  Hunger
a - Blink                 Tloc           N/A          73%         2    ###....
b - Call Imp              Summ           #.......     73%         2    ###....
c - Swiftness             Chrm/Air       #.......     73%         2    ###....
d - Shock                 Conj/Air       #...         58%         1    ##.....

Your spell library contained the following spells:

 Spells                   Type           Power        Failure   Level  Hunger
 Magic Dart               Conj           #...         58%         1    ##.....
 Searing Ray              Conj           #.....       73%         2    ###....
 Slow                     Hex            #.......     73%         2    ###....
 Conjure Flame            Conj/Fire      #.......     91%         3    ####...
 Dazzling Spray           Conj/Hex       #.....       91%         3    ####...
 Mephitic Cloud           Conj/Pois/Air  #.......     91%         3    ####...
 Static Discharge         Conj/Air       #.......     91%         3    ####...
 Airstrike                Air            #.........   100%        4    #####..
 Force Lance              Conj/Tloc      #.......     100%        4    #####..
 Fulminant Prism          Conj/Hex       #.........   100%        4    #####..
 Iskenderun's Mystic Bla  Conj           #.......     100%        4    #####..
 Lightning Bolt           Conj/Air       #.........   100%        5    ######.


Dungeon Overview and Level Annotations

Branches:
Dungeon (11/15)            Temple (1/1) D:4             Orc (2/2) D:10
    Elf (0/3) Orc:2
   Lair: D:8-11

Altars:
Ashenzari
Cheibriados
Dithmenos
Elyvilon
Fedhas
Gozag
Hepliaklqana
Kikubaaqudgha
Makhleb
Nemelex Xobeh
Okawaru
Qazlal
Ru
Sif Muna
Trog
Uskayaw
Vehumet
Wu Jian
Xom
Yredelemnul
Zin
The Shining One

Shops:
D:6 ?   D:7 (   D:9 =(

Annotations:
D:9 Juwelier
Orc:1 Donald


Innate Abilities, Weirdness & Mutations

You have hooves in place of feet.
Armour fits poorly on your strangely shaped body.
You cover ground very quickly.
You have extremely tough skin. (AC +3)


Message History

There is a stone staircase leading down here.
Firing (i - inventory)
g - 70 arrows (quivered)
Press: ? - help, Shift-Dir - straight line, f - Donald
Aim: Donald, wielding a +1 eveningstar of holy wrath, wearing a +4 chain mail of magic resistance and wearing a +0 shield (moderately wounded, fast, unusually strong)
You shoot an arrow.
Donald blocks the arrow.
Donald hits you with a +1 eveningstar of holy wrath!!
Firing (i - inventory)
g - 69 arrows (quivered)
Press: ? - help, Shift-Dir - straight line, f/p - Donald
Aim: Donald, wielding a +1 eveningstar of holy wrath, wearing a +4 chain mail of magic resistance and wearing a +0 shield (moderately wounded, fast, unusually strong)
You shoot an arrow.
Donald blocks the arrow.
Donald hits you with a +1 eveningstar of holy wrath!!
You see here a +0 falchion.
Donald says, "I don't get what's so special about the number twenty-seven."
Donald hits you with a +1 eveningstar of holy wrath!!
* * * LOW HITPOINT WARNING * * *
Donald says, "The other people here are really rude."
You feel better. Donald barely misses you.
Donald says, "Oh, hey!
I could use a new shield.
Have you got any spares?"
Donald hits you with a +1 eveningstar of holy wrath!!!
You die...

....#..###.####.#........#.......
........#### ###....>....^.....#
.........## ##......(..........
.....#....#####.............#....
...........#.##.........)...#....
......)........#.....)...........
.....#.#).[.....#................
..#..).[.))..)..##.[......^......
...#.#[#.[......@@..)......#...##
....##.####.#.......).......#.##
.....[...####.....[....#)....##
.....)....# ##.#....#........#
......#..## ##....)...(..#.##
.........# #...............#
........## ##.##.#......#.#####
........# #######..#...##.#.#
.......## ##.###........


You could see Donald.

Vanquished Creatures
  Gastronok (D:8)
  Erica (D:8)
  A two-headed ogre (Orc:1)
  An orc knight (Orc:1)
  An orc sorcerer (Orc:2)
  A cyclops (Orc:2)
  Joseph (D:8)
  Maurice (D:8)
  5 trolls
  Prince Ribbit (D:8)
  2 hippogriffs
  2 wraiths (D:8)
  Grum (D:8)
  A hungry ghost (D:9)
  Menkaure (D:5)
  A water moccasin (D:7)
  13 orc warriors
  An eye of draining (D:9)
  An ice beast (D:5)
  3 necrophages
  A phantom (D:6)
  4 sky beasts
  2 wolves (D:8)
  15 ogres
  2 centaurs
  A crocodile (D:10)
  9 big kobolds
  8 bullfrogs
  4 gnoll sergeants (D:10)
  4 scorpions
  A troll zombie (D:8)
  8 killer bees
  2 wights (D:8)
  2 howler monkeys
  2 centaur zombies
  3 crimson imps
  3 bullfrog zombies
  A quasit (D:9)
  8 hounds
  4 human zombies (D:8)
  3 jellies
  A centaur skeleton (D:6)
  6 orc priests
  15 orc wizards
  3 bullfrog skeletons
  8 worker ants
  A statue (D:9)
  2 hound skeletons
  2 mummies (D:8)
  A worker ant zombie (D:8)
  8 gnolls
  4 river rats (Sewer)
  14 adders
  A shadow imp (D:8)
  3 oozes
  2 adder skeletons (D:6)
  7 worms
  6 dart slugs
  3 leopard geckos
  52 orcs
  6 ball pythons
  9 giant cockroaches
  6 goblins
  9 hobgoblins
  8 jackals
  11 kobolds
  2 quokkas
  13 bats
  5 frilled lizards
  2 gnoll zombies (D:5)
  9 rats
346 creatures vanquished.

Vanquished Creatures (others)
  A two-headed ogre (D:9)
  2 hounds (D:9)
  An orc wizard (D:6)
4 creatures vanquished.

Grand Total: 350 creatures vanquished

Notes
Turn   | Place    | Note
-------+----------+-------------------------------------------
     0 | D:1      | sjiht001 the Centaur Hunter began the quest for the Orb.
     0 | D:1      | Reached XP level 1. HP: 17/17 MP: 1/1
   282 | D:1      | Reached XP level 2. HP: 24/24 MP: 2/2
  1415 | D:2      | Reached XP level 3. HP: 30/30 MP: 3/3
  1444 | D:2      | Found a shadowy altar of Dithmenos.
  1575 | D:2      | Reached skill level 1 in Stealth
  1601 | D:3      | Found a sparkling altar of Nemelex Xobeh.
  1943 | D:2      | You fall through a shaft!
  2399 | D:2      | Reached XP level 4. HP: 38/38 MP: 4/4
  2581 | D:2      | Found a bloodstained altar of Trog.
  2739 | D:3      | Reached skill level 6 in Bows
  3323 | D:4      | Reached XP level 5. HP: 45/45 MP: 5/5
  3428 | D:4      | Reached skill level 1 in Unarmed Combat
  3768 | D:4      | Noticed an ogre
  4187 | D:3      | Killed an ogre
  4187 | D:3      | Reached skill level 7 in Bows
  4187 | D:3      | Reached XP level 6. HP: 35/52 MP: 6/6
  4364 | D:4      | Found a staircase to the Ecumenical Temple.
  4373 | Temple   | Entered the Ecumenical Temple
  4443 | Temple   | Became a worshipper of Warmaster Okawaru
  4630 | D:4      | Found a stormy altar of Qazlal.
  5148 | D:4      | Reached XP level 7. HP: 55/60 MP: 7/7
  5441 | D:5      | Entered Level 5 of the Dungeon
  5667 | D:5      | Reached skill level 5 in Fighting
  5684 | D:5      | Reached * piety under Okawaru
  5841 | D:5      | Found a hazy altar of Hepliaklqana.
  5906 | D:5      | Learned a level 2 spell: Blink
  5909 | D:5      | Learned a level 2 spell: Call Imp
  5939 | D:5      | Noticed Menkaure
  5961 | D:5      | Killed Menkaure
  5961 | D:5      | Reached skill level 8 in Bows
  6255 | D:5      | Found a basalt altar of Yredelemnul.
  6367 | D:5      | Found a sacrificial altar of Ru.
  6578 | D:6      | Found a glowing drain.
  6580 | D:6      | Found Micwuem's Magic Scroll Shoppe.
  6586 | Sewer    | Entered a sewer
  6622 | Sewer    | Reached skill level 1 in Invocations
  6637 | Sewer    | Reached XP level 8. HP: 55/70 MP: 8/8
  6814 | Sewer    | Reached ** piety under Okawaru
  7726 | D:6      | Reached skill level 9 in Bows
  8349 | D:6      | Reached skill level 1 in Short Blades
  8804 | D:6      | Reached *** piety under Okawaru
  8990 | D:6      | Reached XP level 9. HP: 53/79 MP: 11/11
  9262 | D:7      | Reached skill level 1 in Polearms
  9441 | D:7      | Found Poude's Antique Weapon Emporium.
  9569 | D:7      | Bought a runed shortbow for 156 gold pieces
  9971 | D:7      | Reached skill level 5 in Unarmed Combat
 10230 | D:7      | Found a glowing silver altar of Zin.
 10231 | D:7      | Noticed an angel
 10585 | D:8      | Reached **** piety under Okawaru
 10585 | D:8      | Received a gift from Okawaru
 10655 | D:8      | Noticed Prince Ribbit
 10662 | D:8      | Noticed a catoblepas
 10664 | D:8      | Killed Prince Ribbit
 10664 | D:8      | Reached skill level 10 in Bows
 10678 | D:8      | Noticed Joseph
 10686 | D:8      | Reached skill level 5 in Invocations
 10693 | D:8      | Killed Joseph
 10761 | D:8      | Noticed a centaur warrior
 10765 | D:8      | Received a gift from Okawaru
 10834 | D:8      | Reached XP level 10. HP: 83/91 MP: 13/13
 11075 | D:8      | Identified the +3 ring mail of Precision Catastrophes
                  | {Str+6 Int-3}
 11130 | D:8      | Noticed Maurice
 11137 | D:8      | Killed Maurice
 11235 | D:8      | Found an ancient bone altar of Kikubaaqudgha.
 11562 | D:8      | Noticed Grum
 11570 | D:8      | Killed Grum
 11572 | D:8      | Reached ***** piety under Okawaru
 11605 | D:8      | Found an ornate altar of the Wu Jian Council.
 11619 | D:8      | Noticed Gastronok
 11656 | D:8      | Killed Gastronok
 11656 | D:8      | Received a gift from Okawaru
 11656 | D:8      | Received a gift from Okawaru
 11656 | D:8      | Reached skill level 10 in Fighting
 11656 | D:8      | Reached skill level 11 in Bows
 11708 | D:8      | Found an opulent altar of Gozag.
 11883 | D:8      | Noticed Erica
 11907 | D:8      | Killed Erica
 11907 | D:8      | Reached skill level 12 in Bows
 11907 | D:8      | Reached XP level 11. HP: 100/101 MP: 15/15
 11958 | D:8      | Reached skill level 5 in Short Blades
 12047 | D:8      | Received a gift from Okawaru
 12546 | D:9      | Killed a two-headed ogre
 12574 | D:9      | Found a shimmering altar of Xom.
 12621 | D:9      | Reached skill level 1 in Armour
 12660 | D:9      | Found Meufin's Jewellery Shop.
 12715 | D:9      | Found Lytoydwo's Weapon Boutique.
 12968 | D:10     | Entered Level 10 of the Dungeon
 12994 | D:9      | Found a radiant altar of Vehumet.
 13091 | D:9      | Learned a level 2 spell: Swiftness
 13093 | D:9      | Learned a level 1 spell: Shock
 13695 | D:10     | Found a staircase to the Orcish Mines.
 13720 | D:10     | Received a gift from Okawaru
 13742 | D:10     | Reached skill level 13 in Bows
 13795 | Orc:1    | Entered Level 1 of the Orcish Mines
 14041 | Orc:1    | Noticed an orc knight
 14059 | Orc:1    | Killed an orc knight
 14076 | Orc:1    | Noticed a two-headed ogre
 14079 | Orc:1    | Killed a two-headed ogre
 14079 | Orc:1    | Received a gift from Okawaru
 14159 | Orc:1    | Found a radiant altar of Vehumet.
 14426 | Orc:2    | Entered Level 2 of the Orcish Mines
 14484 | Orc:2    | Found a staircase to the Elven Halls.
 14562 | Orc:2    | Noticed an orc sorcerer
 14564 | Orc:2    | Killed an orc sorcerer
 14586 | Orc:2    | Noticed Donald
 14666 | Orc:2    | Received a gift from Okawaru
 14737 | Orc:1    | Slain by Donald

Skill      XL: |  1  2  3  4  5  6  7  8  9 10 11 |
---------------+----------------------------------+-----
Stealth        | 1 |  1.1
Fighting       | 3 4 6 7 9 10 11 | 11.9
Bows           | 6 7 8 9 10 12 13 | 13.8
Dodging        | 2 |  2.6
Unarmed Combat | 1 2 3 4 5 |  5.0
Invocations    | 1 3 5 6 |  6.0
Short Blades   | 1 3 4 6 |  6.2
Polearms       | 1 |  1.1
Armour         | 2 |  2.7

Action                   |  1- 3 |  4- 6 |  7- 9 | 10-12 || total
-------------------------+-------+-------+-------+-------++-------
Melee: Short sword       |     3 |     5 |   154 |       ||   162
       Kick              |       |     1 |    56 |       ||    57
       Trident           |       |       |     7 |       ||     7
       Punch             |       |       |     4 |       ||     4
       Glaive            |       |       |    15 |       ||    15
       Dagger            |       |       |    10 |       ||    10
 Fire: Shortbow          |   112 |   218 |   323 |   473 ||  1126
Throw: Tomahawk          |       |       |     4 |       ||     4
 Cast: Call Imp          |       |       |     5 |       ||     5
       Blink             |       |       |     2 |       ||     2
  Use: Scroll            |       |     1 |     7 |     2 ||    10
       Potion            |       |       |       |     1 ||     1
  Eat: Chunk             |     3 |     3 |     9 |     5 ||    20
       Ration            |       |     1 |     2 |     1 ||     4
Armor: Leather armour    |    60 |    26 |    57 |     1 ||   144
       Ring mail         |       |       |       |    67 ||    67
Dodge: Dodged            |    51 |    56 |   130 |    63 ||   300
